AoeStats
← victordh91

Arabia

509651616Analyzed
1v1 RM · 3d ago on Sep 27, 2026· 41m 52s· 2 players
Game mode
Random Map
Map size
Tiny (2 player)
Population
200
Speed
Normal
Resources
Standard
Victory
Conquest
Starting age
Dark Age
Ending age
Imperial Age
RankedLock teamsTeams togetherTeam positionsShared explorationLock speedFull tech treeHidden civsTurbo modeCheats
Victory
Defeat
🇳🇱 Franks · Netherlands
948
+17
🇧🇷 Varangians · Brazil
978
-17
victordh91
7:27 Loom
10:00 Feudal Age
22:38 Castle Age
20:52 Double-Bit Axe
22:15 Gold Mining
23:10 Scale Barding Armor
23:16 Forging
26:44 Wheelbarrow
27:46 Husbandry
28:45 Chain Barding Armor
30:50 Iron Casting
31:39 Bow Saw
33:25 Hand Cart
42:13 Imperial Age
39:31 Ordonnance Companies
D2dW2rr10r
9:48 Feudal Age
10:24 Loom
10:34 Double-Bit Axe
11:13 Bloodlines
22:39 Castle Age
20:52 Horse Collar
22:06 Scale Barding Armor
22:07 Gold Mining
22:55 Forging
23:48 Husbandry
23:55 Fletching
24:33 Bow Saw
25:19 Heavy Plow
38:14 Iron Casting
Connection lost

Rejoining the realm…

Still unreachable

The connection could not be restored.

Session expired

The server has moved on; the page needs a fresh start.